 Dungeon Crawl Stone Soup version 0.28.0 (webtiles) character file.

Game seed: 6566161138259251220

8603 AmazingTV the Covert (level 11, -1/56 HPs)
             Began as a Spriggan Brigand on June 29, 2022.
             Was a High Priest of Trog.
             Killed from afar by a gargoyle (10 damage)
             ... with a stone arrow
             ... on level 10 of the Dungeon.
             The game lasted 01:02:47 (13017 turns).

AmazingTV the Covert (Spriggan Brigand)            Turns: 13017, Time: 01:02:48

Health: -1/56      AC:  5    Str: 18    XL:     11   Next: 12%
Magic:  12/12      EV: 22    Int: 23    God:    Trog [*****.]
Gold:   585        SH:  5    Dex: 16    Spells: 10/10 levels left

rFire   . . .      SeeInvis +   b - +6 rapier "Otuabell" {holy, Str+9 Int+10 Dex-3 Stlth-}
rCold   . . .      Faith    .   (no shield)
rNeg    . . .      Spirit   .   t - +0 troll leather armour
rPois   +          Reflect  +   (helmet restricted)
rElec   .          Harm     .   R - +0 cloak
rCorr   .          Rampage  .   (gloves unavailable)
Will    +....                   (boots unavailable)
Stlth   ++++......              P - amulet of reflection
HPRegen 0.98/turn               l - ring of flight
MPRegen 0.13/turn               O - ring of poison resistance

@: flying, studying Shields, very quick
A: very small, no large weapons, unfitting armour, see invisible, speed 3
a: Renounce Religion, Berserk, Trog's Hand, Brothers in Arms


You were on level 10 of the Dungeon.
You worshipped Trog.
Trog was extremely pleased with you.
You visited 2 branches of the dungeon, and saw 11 of its levels.
You also visited: Ossuary and Bailey.

You collected 585 gold pieces.

Inventory:

Hand Weapons
 a - a +3 dagger of speed
 b - the +6 rapier "Otuabell" (weapon) {holy, Str+9 Int+10 Dex-3 Stlth-}
   (You found it on level 4 of the Dungeon)

   It has been blessed by the Shining One to cause great damage to the undead
   and demons.
   Str:       It affects your strength (+9).
   Int:       It affects your intelligence (+10).
   Dex:       It affects your dexterity (-3).
   Stlth:     It makes you less stealthy.
 c - a +5 hunting sling of freezing
 E - a +3 long sword
 S - a +2 dagger
 W - a +1 shortbow of freezing
Missiles
 d - 2 throwing nets
 e - 2 curare-tipped darts
 f - 256 arrows
 h - 389 stones
 q - 14 poisoned darts
 u - 88 sling bullets
Armour
 t - a +0 troll leather armour (worn)
 R - a +0 cloak (worn)
 V - a +2 robe of resistance
 Z - a +0 buckler
Jewellery
 l - a ring of flight (left hand)
 M - a ring of magical power
 O - a ring of poison resistance (right hand)
 P - an amulet of reflection (around neck)
 T - a ring of protection from fire
Wands
 i - a wand of iceblast (13)
 j - a wand of polymorph (4)
 r - a wand of paralysis (14)
 I - a wand of digging (7)
 K - a wand of flame (43) (quivered)
Scrolls
 g - 2 scrolls of fear {unknown}
 k - a scroll of blinking {unknown}
 o - 6 scrolls of identify
 p - 2 scrolls of acquirement {unknown}
 s - a scroll of magic mapping {unknown}
 y - 2 scrolls of enchant weapon {unknown}
 z - 2 scrolls of vulnerability {unknown}
 B - a scroll of summoning {unknown}
 D - 4 scrolls of fog {unknown}
 G - 4 scrolls of teleportation {unknown}
 L - a scroll of holy word {unknown}
 N - 2 scrolls of silence {unknown}
 Q - a scroll of immolation {unknown}
 X - 3 scrolls of enchant armour
Potions
 m - 2 potions of resistance {unknown}
 n - 2 potions of curing {unknown}
 v - 2 potions of haste
 w - 5 potions of heal wounds
 x - 3 potions of cancellation
 A - 2 potions of attraction {unknown}
 C - a potion of flight
 F - 7 potions of might
 H - 3 potions of lignification {unknown}
 J - a potion of berserk rage {unknown}
 U - a potion of magic {unknown}
 Y - 2 potions of invisibility {unknown}


   Skills:
 + Level 6.2 Fighting
 + Level 8.3 Short Blades
 + Level 8.5(9.4) Slings
 - Level 5.1(6.9) Throwing
 - Level 2.5 Armour
 + Level 9.6 Dodging
 + Level 12.6 Stealth
 + Level 1.2 Shields


You had 10 spell levels left.
You didn't know any spells.
Your spell library was empty.

Dungeon Overview and Level Annotations

Branches:
Dungeon (10/15)            Temple (1/1) D:5            Lair (0/6) D:9
Ossuary (visited)          Bailey (visited)
    Orc: D:9-12

Altars:
Ashenzari
Cheibriados
Dithmenos
Elyvilon
Fedhas
Gozag
Hepliaklqana
Kikubaaqudgha
Makhleb
Nemelex Xobeh
Okawaru
Qazlal
Ru
Sif Muna
Trog
Uskayaw
Vehumet
Wu Jian
Xom
Yredelemnul
Zin
The Shining One


Innate Abilities, Weirdness & Mutations

You are very small and have problems with some larger weapons.
You are too small for most types of armour.
You have supernaturally acute eyesight. (SInv)
You cover ground extremely quickly. (Speed+++)


Message History

Z - a +0 buckler
Things that are here:
a +0 dagger; an orc corpse You now have 541 gold pieces (gained 15).
There is a stone staircase leading up here.
Found a stone staircase leading up.
You now have 561 gold pieces (gained 20).
G - 4 scrolls labelled DEMOPU GUELETH (gained 1)
You now have 568 gold pieces (gained 7).
You now have 585 gold pieces (gained 17).
A gargoyle comes into view. It is wielding a +0 mace.
Found a war axe.
You strike the helpless gargoyle from behind!
You hit the gargoyle.
The gargoyle is moderately damaged.
You block the gargoyle's attack.
You barely miss the gargoyle.
The gargoyle is moderately damaged.
The gargoyle hits you with a +0 mace!
You hit the gargoyle.
The gargoyle is moderately damaged.
The gargoyle completely misses you.
You hit the gargoyle but do no damage.
The gargoyle is moderately damaged.
You hit the gargoyle but do no damage.
The gargoyle is moderately damaged.
The gargoyle hurls a stone arrow at you.
The stone arrow reflects off an invisible shield around you!
The stone arrow hits the gargoyle!
You hit the gargoyle.
The gargoyle is almost destroyed.
The gargoyle hits you with a +0 mace!!
You hit the gargoyle but do no damage.
The gargoyle is almost destroyed.
The gargoyle hurls a stone arrow at you.
The stone arrow hits you!
* * * LOW HITPOINT WARNING * * *
The gargoyle hurls a stone arrow at you.
The stone arrow hits you!
You die...

.....#...#.....#.................
.....#...#.......................
.....#...#.......................
.....#...#.....######.......#####
.....#...#..........#...........#
.........#######....#...........#
...............#....#...........#
...............#....#####..##...#
...............#@...#......#....#
....#######....##...#......#....#
.... #.........#......#....# ....
#.........#......#....# ....
#......9..########....# ..
#...###...# #.....#
.....#...........#......
......#...........#......
......#..........)#......


You could see a gargoyle.

Vanquished Creatures
  A two-headed ogre (D:10)
  A deep elf pyromancer (D:9)
  Joseph (D:9)
  A hornet (D:8)
  A shadow (D:10)
  A yak (D:9)
  2 steam dragons
  An acid dragon (D:8)
  A water moccasin (D:7)
  Duvessa (D:7)
  2 sky beasts
  12 orc warriors
  A black bear (D:7)
  2 necrophages (D:7)
  An ice beast (D:6)
  4 ogres
  14 centaurs
  A kobold brigand (D:9)
  A bullfrog (D:8)
  Blork the orc (D:5)
  10 scorpions
  2 water moccasin skeletons
  Dowan (D:7)
  8 killer bees
  5 centaur zombies
  A human zombie (Ossuary)
  3 hounds
  A centaur skeleton (D:6)
  5 jellies
  4 bullfrog skeletons
  6 orc priests
  An iron imp (D:7)
  Crazy Yiuf (D:6)
  3 iguanas
  Ijyb (D:2)
  11 orc wizards
  3 mummies (Ossuary)
  3 howler monkey zombies
  4 gnolls (D:6)
  11 adders
  A shadow imp (D:3)
  2 ufetubi
  An adder skeleton (D:5)
  2 worms (D:5)
  A dart slug (D:3)
  46 orcs
  5 bats
  8 endoplasms
  4 giant cockroaches
  5 gnoll zombies (Ossuary)
  16 goblins
  14 hobgoblins
  11 jackals
  2 quokkas
  2 ball pythons
  2 frilled lizards (D:1)
  4 goblin zombies (Ossuary)
  3 hobgoblin zombies (Ossuary)
  7 kobolds
  3 kobold zombies (Ossuary)
  8 rats
281 creatures vanquished.

Vanquished Creatures (others)
  A fungus (D:6)
1 creature vanquished.

Grand Total: 282 creatures vanquished

Notes
Turn   | Place    | Note
-------+----------+-------------------------------------------
     0 | D:1      | AmazingTV the Spriggan Brigand began the quest for the Orb.
     0 | D:1      | Reached XP level 1. HP: 10/10 MP: 2/2
   281 | D:1      | Reached skill level 6 in Stealth
   287 | D:1      | Reached XP level 2. HP: 11/15 MP: 3/3
   897 | D:1      | Reached XP level 3. HP: 16/18 MP: 4/4
   953 | D:1      | Reached skill level 1 in Slings
  1714 | D:2      | Noticed Ijyb
  1740 | D:2      | Found a faded altar of an unknown god.
  1768 | D:2      | Paralysed by Ijyb for 4 turns
  1779 | D:2      | Killed Ijyb
  1780 | D:2      | Reached XP level 4. HP: 13/23 MP: 5/5
  2447 | D:2      | Noticed an ogre
  2494 | D:2      | Killed an ogre
  2495 | D:2      | Reached XP level 5. HP: 26/26 MP: 6/6
  2541 | D:2      | Found a burning altar of Makhleb.
  2739 | D:3      | HP: 1/27 [hobgoblin (3)]
  2996 | D:3      | You are sucked into a shaft and drop 3 floors!
  3006 | D:5      | Entered Level 5 of the Dungeon
  3006 | D:5      | Noticed an ogre
  3007 | D:5      | Found a staircase to the Ecumenical Temple.
  3009 | D:5      | Reached XP level 6. HP: 32/32 MP: 7/7
  3011 | D:5      | Reached skill level 7 in Stealth
  3023 | Temple   | Entered the Ecumenical Temple
  3438 | Temple   | Became a worshipper of Trog the Wrathful
  3491 | D:5      | Found a sand-covered staircase.
  3500 | Ossuary  | Entered an ossuary
  3795 | Ossuary  | Reached XP level 7. HP: 33/35 MP: 8/8
  4175 | Ossuary  | Reached * piety under Trog
  4353 | Ossuary  | Reached skill level 8 in Stealth
  4402 | Ossuary  | Reached skill level 5 in Dodging
  4614 | D:5      | Reached XP level 8. HP: 40/40 MP: 9/9
  5076 | D:5      | Reached skill level 5 in Short Blades
  5347 | D:5      | Noticed Blork the orc
  5354 | D:5      | Killed Blork the orc
  5689 | D:4      | Identified the +6 rapier "Otuabell" {holy, Str+9 Int+10
                  | Dex-3 Stlth-}
  6003 | D:4      | Reached skill level 9 in Stealth
  6104 | D:4      | Reached skill level 5 in Slings
  6283 | D:4      | Reached ** piety under Trog
  6383 | D:4      | Reached skill level 5 in Throwing
  6999 | D:3      | Reached XP level 9. HP: 27/45 MP: 10/10
  7905 | D:6      | Reached *** piety under Trog
  7906 | D:6      | Reached skill level 10 in Stealth
  8218 | D:6      | Found a runed translucent door.
  8219 | D:6      | Noticed Crazy Yiuf
  8226 | D:6      | Killed Crazy Yiuf
  8323 | D:7      | Noticed Duvessa
  8323 | D:7      | Noticed Dowan
  8327 | D:7      | Killed Duvessa
  8344 | D:7      | Killed Dowan
  8541 | D:7      | Reached skill level 5 in Fighting
  8612 | D:7      | Found a snail-covered altar of Cheibriados.
  9076 | D:7      | Reached skill level 11 in Stealth
  9340 | D:8      | Reached XP level 10. HP: 51/51 MP: 11/11
  9345 | D:8      | Noticed a skeletal warrior
  9348 | D:8      | Noticed a death knight
  9349 | D:8      | Noticed a skeletal warrior
  9464 | D:8      | Reached **** piety under Trog
  9964 | D:9      | Noticed a deep elf pyromancer
 10023 | D:9      | Killed a deep elf pyromancer
 10024 | D:9      | Reached skill level 1 in Armour
 10185 | D:9      | Noticed Joseph
 10192 | D:9      | Killed Joseph
 10825 | D:9      | Found a staircase to the Lair.
 10999 | D:10     | Entered Level 10 of the Dungeon
 11033 | D:10     | Found a flagged portal.
 11040 | Bailey   | Entered a bailey
 11402 | Bailey   | Reached skill level 12 in Stealth
 12175 | D:10     | Noticed a two-headed ogre
 12183 | D:10     | Killed a two-headed ogre
 12270 | D:10     | Reached XP level 11. HP: 36/56 MP: 12/12
 12529 | D:10     | Reached skill level 1 in Shields
 12737 | D:10     | Reached ***** piety under Trog
 13017 | D:10     | Killed from afar by a gargoyle

Illustrated notes

Levels and vault maps discovered:
D:1:      zelgadis_glass_arrival_small, layout_basic
D:2:      kennysheep_the_goblin_king, layout_rooms, basic_ecumenical_altar,
          basic_altar, chequers_serial_rivers_micro_d
D:3:      layout_rooms
D:4:      layout_cave_pods, minmay_pentomino_pile
D:5:      layout_basic, minmay_temple_entry_wispy,
          nicolae_ossuary_entry_monument, uniq_ijyb, uniq_blork_the_orc
D:6:      layout_basic, uniq_crazy_yiuf_cottage
D:7:      layout_rooms, chei_slow_surprise, uniq_duvessa
D:8:      layout_loops_cross, glass_columns_b
D:9:      layout_basic, lair_entry_dummy, st_stairs_7, roderic_malta_cross,
          uniq_joseph
D:10:     layout_grid_maze, enter_bailey_2
Temple:   mainiacjoe_temple_trianglar_array

Skill      XL: |  1  2  3  4  5  6  7  8  9 10 11 |
---------------+----------------------------------+-----
Stealth        | 6 7 8 9 11 12 | 12.6
Dodging        | 2 3 4 5 6 8 9 |  9.6
Slings         | 1 2 3 4 5 7 8 |  8.5
Fighting       | 2 3 4 5 6 |  6.2
Short Blades   | 3 4 5 7 8 |  8.3
Throwing       | 3 4 5 |  5.1
Armour         | 2 |  2.5
Shields        | 1 |  1.2

Action                   |  1- 3 |  4- 6 |  7- 9 | 10-12 || total
-------------------------+-------+-------+-------+-------++-------
Melee: Dagger            |    34 |       |    53 |    12 ||    99
       Punch             |     1 |     1 |    12 |     6 ||    20
       Rapier            |    83 |   158 |   451 |   270 ||   962
       Unarmed           |       |       |       |     6 ||     6
 Fire: Hunting sling     |       |       |       |    62 ||    62
Throw: Dart              |     8 |     8 |    19 |     2 ||    37
Invok: Berserk           |       |       |       |     3 ||     3
Evoke: Wand              |       |       |       |     3 ||     3
  Use: Scroll            |       |       |       |     7 ||     7
       Potion            |       |       |       |     1 ||     1
 Stab: Sleeping          |    10 |    14 |    28 |    10 ||    62
       Distracted        |       |       |     2 |     2 ||     4
Armor: Robe              |    28 |     5 |       |       ||    33
       Troll leather arm |       |    26 |    47 |    34 ||   107
       Skin              |       |       |       |     2 ||     2
Dodge: Dodged            |    93 |   100 |   306 |   325 ||   824
Block: Other             |       |       |    48 |    93 ||   141
       Reflection        |       |       |     3 |     2 ||     5
